Map: Thunderbird LE

Players

torades

  • Race: Zerg Zerg
  • League: Platinum
  • Spawn Location: 5:00

Woah - Winner!

  • Race: Terran Terran
  • League: Diamond
  • Spawn Location: 11:00

VOD

Have the link to the VOD?

Description

Time

  • Played on: June 14, 2019, 10:19 p.m.
  • Length: 7:59
Show
View Real Time Build Order
Export as new Build Order

torades Zerg 

Build Orders: 1 Base Baneling Bust, Pool First, Zergling Baneling 

Get SALT Encoding   

  12  0:01  Drone  
  13  0:21  Spawning Pool  
  13  0:25  Drone  
  13  0:33  Extractor, Drone  
  13  0:36  Drone  
  14  0:53  Overlord  
  14  1:11  Queen, Zergling x4  
  17  1:12  Zergling x2  
  19  1:23  Zergling x2  
  20  1:33  Zergling x2  
  20  1:38  Baneling Nest  
  20  1:48  Zergling x2  
  21  1:54  Overlord  
  21  2:06  Metabolic Boost  
  21  2:09  Zergling x2  
  22  2:17  Zergling x2  
  23  2:25  Zergling x6  
  26  2:49  Overlord  
  26  2:50  Zergling x2  
  27  2:54  Zergling x2  
  28  3:14  Zergling x6  
  31  3:30  Zergling x2  
  31  3:31  Zergling x2  
  33  3:41  Zergling x2  
  34  3:46  Baneling x6  
  34  3:47  Baneling  
  34  3:49  Baneling  
  34  3:50  Baneling x4  
  34  3:51  Zergling x2  
  34  3:54  Zergling x2  
  36  3:57  Zergling x2  
  26  4:29  Zergling x10  
  21  4:55  Zergling x4  
  22  5:01  Drone  
  23  5:12  Hatchery  
  21  5:29  Extractor  
  20  5:47  Drone x5  
  25  5:50  Drone  
  26  6:10  Lair  
  26  6:24  Queen  
  28  6:34  Drone  
  28  6:36  Drone  
  30  6:43  Drone  
  30  6:45  Drone  
  32  6:47  Drone  
  33  7:12  Spire  
  33  7:14  Overlord  
  32  7:18  Overlord  
  32  7:32  Drone x3  
  32  7:36  Drone x2  
  37  7:37  Drone  
  36  7:48  Spine Crawler  
Show
View Real Time Build Order
Export as new Build Order

Woah Terran - Winner!

Build Orders: Reaper Expand 

Get SALT Encoding   

  12  0:00  SCV  
  13  0:13  SCV  
  14  0:17  Supply Depot  
  14  0:26  SCV  
  15  0:39  SCV  
  15  0:40  Barracks  
  16  0:44  Refinery  
  16  0:51  SCV  
  17  1:03  SCV  
  18  1:15  SCV  
  19  1:27  Orbital Command  
  19  1:28  Reaper  
  20  1:40  Command Center  
  20  1:52  Supply Depot  
  20  1:53  SCV  
  21  2:00  Marine  
  22  2:05  SCV  
  23  2:14  Factory  
  23  2:23  SCV  
  23  2:24  Refinery  
  23  2:25  Barracks Reactor  
  24  2:35  SCV  
  25  2:57  Bunker  
  25  3:05  Starport  
  25  3:06  Hellion  
  25  3:07  Hellion  
  25  3:09  SCV, Marine  
  25  3:11  Orbital Command  
  31  3:36  Hellion x2  
  31  3:38  Barracks Tech Lab  
  31  3:40  SCV  
  35  3:41  Viking  
  35  3:47  SCV  
  38  3:52  SCV  
  39  3:59  Hellion  
  39  4:00  Stimpack, Marine  
  44  4:07  Engineering Bay  
  44  4:08  Hellion  
  19  4:32  Orbital Command  
  19  4:34  Factory Reactor  
  19  4:39  Supply Depot  
  17  4:46  SCV  
  17  4:47  Marine  
  17  4:48  Viking  
  21  4:55  Bunker  
  21  4:58  SCV  
  21  4:59  Orbital Command  
  22  5:03  Barracks  
  22  5:04  Marine, Barracks  
  23  5:09  Bunker  
  23  5:11  Hellion  
  25  5:21  SCV  
  26  5:22  Marine  
  26  5:26  SCV  
  30  5:28  Hellion  
  30  5:31  Starport Reactor  
  30  5:33  SCV  
  31  5:39  Barracks  
  31  5:44  SCV  
  31  5:45  SCV  
  33  5:51  Marine  
  33  5:54  Supply Depot  
  34  6:00  Barracks Reactor  
  34  6:03  Hellion x2  
  38  6:05  SCV  
  38  6:06  SCV  
  40  6:17  Marine  
  42  6:19  Barracks Reactor  
  41  6:26  Supply Depot  
  41  6:30  SCV, Engineering Bay  
  41  6:31  Engineering Bay  
  41  6:32  SCV  
  43  6:34  Marine  
  43  6:39  Armory  
  44  6:42  SCV  
  44  6:44  SCV  
  46  6:48  Marine x2  
  46  6:50  Barracks Reactor  
  48  6:54  SCV, Marine  
  48  6:56  SCV  
  51  7:05  Marine x2  
  51  7:06  Marine  
  51  7:07  SCV  
  55  7:08  SCV  
  55  7:14  Marine x2  
  58  7:19  SCV  
  58  7:21  SCV  
  60  7:26  Medivac  
Tags
 
Add a new tag
Caveats
  • Supply blocks, unpowered buildings, or Contaminate may cause inaccurate times.
  • Supply counts are checked every 10 seconds.